 Dungeon Crawl Stone Soup version 0.28.0-47-ge53b351184 (webtiles) character file.

Game seed: 8226333529950618777

1082 GigaChad the Slasher (level 8, -3/70 HPs)
             Began as a Minotaur Fighter on May 4, 2022.
             Was an Initiate of Ashenzari.
             Slain by an ogre
             ... wielding a +0 giant club
              (15 damage)
             ... on level 5 of the Dungeon.
             The game lasted 00:08:36 (4412 turns).

GigaChad the Slasher (Minotaur Fighter)             Turns: 4412, Time: 00:08:37

Health: -3/70      AC: 10    Str: 21    XL:     8   Next: 8%
Magic:  7/7        EV:  8    Int: 11    God:    Ashenzari [......]
Gold:   223        SH:  5    Dex: 12    Spells: 7/7 levels left

rFire   . . .      SeeInvis +   a - +0 long sword of Supernal Knowledge {Bglg, Elem} (curse)
rCold   . . .      Faith    .   c - +0 buckler
rNeg    . . .      Spirit   .   i - +0 chain mail
rPois   .          Reflect  .   (helmet restricted)
rElec   .          Harm     .   (no cloak)
rCorr   .          Rampage  .   (no gloves)
Will    .....                   (no boots)
Stlth   ..........              (no amulet)
HPRegen 0.21/turn               n - +6 ring of intelligence
MPRegen 0.10/turn               m - ring of see invisible

@: no status effects
A: horns 2, retaliatory headbutt
a: Renounce Religion, Shatter the Chains


You were on level 5 of the Dungeon.
You worshipped Ashenzari.
Ashenzari was noncommittal.
You visited 2 branches of the dungeon, and saw 6 of its levels.

You collected 223 gold pieces.

Inventory:

Hand Weapons
 a - the cursed +0 long sword of Supernal Knowledge (weapon) {Bglg, Elem}

   It has a curse which improves the following skills: Beguiling: Conjurations,
   Hexes and Translocations.
   Elements:  Fire Magic, Ice Magic, Air Magic and Earth Magic.
Armour
 b - a +0 scale mail
 c - a +0 buckler (worn)
 i - a +0 chain mail (worn)
Jewellery
 g - a ring of resist corrosion
 m - a ring of see invisible (right hand)
 n - a +6 ring of intelligence (left hand)
Wands
 l - a wand of flame (28)
Scrolls
 f - a scroll of teleportation
 k - a scroll of torment
 p - a scroll of summoning {unknown}
 r - a scroll of magic mapping {unknown}
 s - a scroll of enchant weapon {unknown}
 t - a scroll of fear {unknown}
Potions
 d - a potion of might
 e - 3 potions of curing {unknown}
 h - a potion of brilliance {unknown}
 j - a potion of berserk rage {unknown}
 o - a potion of heal wounds {unknown}
 q - a potion of flight {unknown}


   Skills:
 + Level 6.2 Fighting
 + Level 7.6 Long Blades
 + Level 6.7 Armour
 + Level 2.1 Dodging
 + Level 0.7 Stealth
 + Level 4.5 Shields


You had 7 spell levels left.
You didn't know any spells.
Your spell library was empty.

Dungeon Overview and Level Annotations

Branches:
Dungeon (5/15)             Temple (1/1) D:4

Altars:
Ashenzari
Cheibriados
Dithmenos
Elyvilon
Fedhas
Gozag
Hepliaklqana
Kikubaaqudgha
Makhleb
Nemelex Xobeh
Okawaru
Qazlal
Ru
Sif Muna
Uskayaw
Vehumet
Wu Jian
Xom
Yredelemnul
Zin
The Shining One

Annotations:
D:4 1 runed translucent door, Crazy Yiuf
D:5 2 transporters, ShadowYui's ghost, novice NaIE


Innate Abilities, Weirdness & Mutations

You have a pair of horns on your head.
You reflexively headbutt those who attack you in melee.


Message History

You slash the gnoll shaman!
You kill the gnoll shaman!
The gnoll hits you from afar with a +0 spear. x2
The gnoll hits you but does no damage.
You barely miss the gnoll. The gnoll hits you but does no damage.
The gnoll barely misses you. The gnoll closely misses you.
You block the gnoll's attack.
You barely miss the gnoll. Your headbutt misses the gnoll.
You block the gnoll's attack. The gnoll hits you but does no damage.
The gnoll barely misses you.
You closely miss the gnoll.
The gnoll hits you from afar with a +0 spear.
The ogre hits you with a +0 giant club! The gnoll hits you but does no damage.
The gnoll barely misses you. You block the gnoll's attack.
You slash the gnoll! Your headbutt misses the gnoll.
The gnoll is heavily wounded.
The gnoll hits you from afar with a +0 spear.
The gnoll barely misses you. You furiously retaliate!
You headbutt the gnoll!
You kill the gnoll!
The ogre hits you with a +0 giant club!!
The gnoll barely misses you. You furiously retaliate!
You headbutt the gnoll! The gnoll hits you but does no damage.
You block the gnoll's attack. The gnoll hits you but does no damage.
The gnoll hits you from afar with a +0 spear.
The ogre closely misses you. The gnoll closely misses you.
The gnoll barely misses you. The ogre closely misses you.
You barely miss the gnoll.
The gnoll is heavily wounded.
The gnoll barely misses you. The ogre hits you with a +0 giant club!
* * * LOW HITPOINT WARNING * * *
The gnoll hits you with a +0 whip.
* * * LOW HITPOINT WARNING * * *
You block the gnoll's attack.
You completely miss the gnoll. The gnoll hits you but does no damage.
The gnoll hits you with a +0 whip.
* * * LOW HITPOINT WARNING * * *
The ogre hits you with a +0 giant club!
You die...

#.....#[....
.....#.........
#....©#/....
.....#©..######
#.....#[...M.....W#..##
#.....#..#8#.#8#..#..#
#.....#..### ###..#.)#
#.....#..... .....#..#
###...#..... .....#..#
..##..#############..#
#.##............@g...#
#.##..)........gO....#
#.##.#################
#.##.# #.##.# #.##.#
#.##.# #.##.# ...#.#


You could see an ogre and 2 gnolls.

Vanquished Creatures
  Menkaure (D:4)
  A necrophage (D:4)
  2 black bears (D:4)
  2 ogres
  2 phantoms
  A water moccasin skeleton (D:4)
  2 jellies (D:4)
  A gnoll shaman (D:5)
  Terence (D:2)
  2 iguanas
  A hound skeleton (D:4)
  2 gnolls (D:5)
  5 adders
  An ufetubus (D:5)
  2 adder skeletons (D:4)
  A worm (D:2)
  5 dart slugs
  A ball python (D:2)
  3 bats
  2 endoplasms
  A goblin (D:2)
  5 hobgoblins
  10 jackals
  2 quokkas
  7 frilled lizards
  5 kobolds
  3 rats
71 creatures vanquished.

Vanquished Creatures (others)
  10 fungi (D:4)
10 creatures vanquished.

Grand Total: 81 creatures vanquished

Notes
Turn   | Place    | Note
-------+----------+-------------------------------------------
     0 | D:1      | GigaChad the Minotaur Fighter began the quest for the Orb.
     0 | D:1      | Reached XP level 1. HP: 19/19 MP: 0/0
   184 | D:1      | Reached XP level 2. HP: 27/27 MP: 1/1
   667 | D:2      | Reached XP level 3. HP: 8/33 MP: 2/2
   942 | D:2      | Reached skill level 3 in Long Blades
  1314 | D:2      | Noticed Terence
  1321 | D:2      | Killed Terence
  1323 | D:2      | Reached XP level 4. HP: 32/40 MP: 3/3
  1630 | D:3      | Reached skill level 4 in Long Blades
  1699 | D:3      | Reached skill level 1 in Dodging
  1876 | D:3      | You fall into a shaft and drop 1 floor!
  1914 | D:4      | Found a staircase to the Ecumenical Temple.
  1925 | Temple   | Entered the Ecumenical Temple
  2490 | Temple   | Became a worshipper of Ashenzari the Shackled
  2605 | D:4      | Noticed a phantom
  2615 | D:4      | Killed a phantom
  2616 | D:4      | Reached skill level 5 in Armour
  2616 | D:4      | Reached XP level 5. HP: 40/47 MP: 4/4
  2853 | D:4      | Noticed an ogre
  2858 | D:4      | Killed an ogre
  2859 | D:4      | Reached skill level 5 in Long Blades
  2859 | D:4      | Reached XP level 6. HP: 55/55 MP: 5/5
  2922 | D:4      | Noticed Menkaure
  2928 | D:4      | Killed Menkaure
  2929 | D:4      | Reached skill level 5 in Fighting
  3086 | D:4      | Reached skill level 6 in Long Blades
  3086 | D:4      | Reached XP level 7. HP: 58/61 MP: 6/6
  3211 | D:4      | Found a runed translucent door.
  3212 | D:4      | Noticed Crazy Yiuf
  3332 | D:4      | Reached skill level 7 in Long Blades
  4186 | D:5      | Entered Level 5 of the Dungeon
  4291 | D:5      | Found a transporter.
  4312 | D:5      | Reached XP level 8. HP: 62/70 MP: 7/7
  4376 | D:5      | Found a transporter.
  4380 | D:5      | Noticed ShadowYui's ghost (novice NaIE)
  4412 | D:5      | Slain by an ogre

Illustrated notes

Levels and vault maps discovered:
D:1:      nzn_arrival_settlement, layout_basic
D:2:      layout_rooms, uniq_terence
D:3:      layout_rooms
D:4:      layout_loops_ring, minmay_temple_entry_antechambers, serial_aquarium,
          aquarium_bridge_square [aquarium_subvault_bridge,
          aquarium_subvault_wall, aquarium_subvault_bridge,
          aquarium_subvault_bridge], aquarium_window_corner,
          aquarium_window_double, aquarium_window_1, aquarium_window_corridor_1,
          aquarium_view_2c, aquarium_pool_side, uniq_crazy_yiuf_cottage,
          uniq_menkaure
D:5:      lemuel_ice_spiral_2, layout_basic, gammafunk_ghost_mausoleum,
          uniq_prince_ribbit1, uniq_eustachio
Temple:   mainiacjoe_temple_starburst

Skill      XL: |  1  2  3  4  5  6  7  8 |
---------------+-------------------------+-----
Armour         | 4 5 6 |  6.7
Long Blades    | 3 4 5 6 7 |  7.6
Shields        | 4 |  4.5
Fighting       | 4 5 6 |  6.2
Dodging        | 1 2 |  2.1
Stealth        | |  0.7

Action                   |  1- 3 |  4- 6 |  7- 9 || total
-------------------------+-------+-------+-------++-------
Melee: Long sword        |    47 |    52 |    56 ||   155
       Headbutt          |    10 |     9 |    14 ||    33
Invok: Curse Item        |       |       |     1 ||     1
  Use: Scroll            |       |       |     2 ||     2
Armor: Scale mail        |    45 |    24 |    22 ||    91
       Chain mail        |       |       |    14 ||    14
Dodge: Dodged            |    30 |    27 |    34 ||    91
Block: Buckler           |    17 |    11 |    17 ||    45
